 Dungeon Crawl Stone Soup version 0.32-a0-995-gb4a59205af (webtiles) character file.

Game seed: 17177657105828591500

100 protoss039 the Digger (level 4, -12/33 HPs)
             Began as a Demonspawn Earth Elementalist on Apr 22, 2024.
             Mangled by Crazy Yiuf
             ... wielding a +4 quarterstaff of chaos
              (18 damage)
             ... on level 3 of the Dungeon.
             The game lasted 00:02:26 (2576 turns).

protoss039 the Digger (DsEE)                        Turns: 2576, Time: 00:02:27

Health: -12/33     AC:  5    Str:  9    XL:     4   Next: 46%
Magic:  7/8        EV:  9    Int: 17    God:
Gold:   125        SH:  0    Dex: 21    Spells: 2/9 levels left

rFire   . . .        k - +1 whip (venom)
rCold   . . .        (no shield)
rNeg    . . .        e - +0 ring mail
rPois   .            (no helmet)
rElec   .            (no cloak)
rCorr   +            (no gloves)
SInv    .            (no boots)
Will    .....        j - amulet of the acrobat
Stlth   +++          d - +6 ring of dexterity
HPRegen 0.25/turn    i - ring of resist corrosion
MPRegen 0.11/turn

%: acrobat
@: no status effects
A: thin skeletal structure 1, demonic touch 1
a: no special abilities


You were on level 3 of the Dungeon.
You visited 1 branch of the dungeon, and saw 3 of its levels.

You collected 125 gold pieces.

Inventory:

Hand Weapons
 k - a +1 whip of venom (weapon)
Armour
 a - a +0 robe
 e - a +0 ring mail (worn)
Jewellery
 d - a +6 ring of dexterity (left hand)
 i - a ring of resist corrosion (right hand)
 j - an amulet of the acrobat (around neck)
 r - a ring of magical power
Scrolls
 c - a scroll of amnesia {unknown}
 f - a scroll of enchant weapon {unknown}
 h - a scroll of fog {unknown}
 l - a scroll of enchant armour {unknown}
 m - a scroll of poison {unknown}
Potions
 b - a potion of magic
 g - a potion of might {unknown}
 n - a potion of enlightenment {unknown}
 o - 2 potions of brilliance {unknown}
 p - a potion of mutation {unknown}
 q - a potion of degeneration {unknown}
 s - 2 potions of attraction {unknown}


   Skills:
 + Level 2.3 Fighting
 - Level 1.7 Dodging
 - Level 1.7 Stealth
 + Level 3.0 Spellcasting
 - Level 1.0 Conjurations
 + Level 3.5 Earth Magic


You had 2 spell levels left.
You knew the following spells:

 Your Spells              Type           Power      Damage    Failure   Level
a - Sandblast             Erth           28%        2d8       12%         1
b - Passwall              Erth           14%        N/A       34%         3
c - Stone Arrow           Conj/Erth      20%        3d8       50%         3

Your spell library contained the following spells:

 Spells                   Type           Power      Damage    Failure   Level
 Sting                    Conj/Alch      16%        1d4       36%         1
 Apportation              Tloc           4%         N/A       43%         1
 Necrotise                Necr           8%         1d4       43%         1
 Summon Small Mammal      Summ           8%         N/A       43%         1
 Ensorcelled Hibernation  Hex/Ice        4%         N/A       58%         2
 Fugue of the Fallen      Necr           2%         N/A       82%         3
 Tukima's Dance           Hex            2%         N/A       82%         3
 Brom's Barrelling Bould  Conj/Erth      10%        2d3       88%         4
 Petrify                  Alch/Erth      8%         N/A       93%         4
 Anguish                  Hex/Necr       1%         N/A       99%         4
 Passage of Golubria      Tloc           2%         N/A       99%         4
 Yara's Violent Unravell  Hex/Alch       1%         3d3       100%        5


Dungeon Overview and Level Annotations

Branches:
Dungeon (3/15) Zot: 15403

Altars:

Annotations:
D:3 Crazy Yiuf


Innate Abilities, Weirdness & Mutations

You have a somewhat thin skeletal structure. (Dex +2, Stealth+)
Your touch may inflict minor irresistible damage on your foes.


Message History

You hit the jackal but do no damage. Your touch misses the jackal.
The jackal is severely wounded.
The jackal closely misses you.
You hit the jackal.
You kill the jackal!
You swing at nothing.
You swing at nothing.
You see here a jackal corpse.
Unknown command.
You start waiting.
Unknown command.
You see here a jackal corpse.
There is a stone staircase leading up here.
Could not explore, unopened runed door.
No reachable target in view!
Could not explore, unopened runed door.
Could not explore, unopened runed door.
No reachable target in view!
Could not explore, unopened runed door.
You open the door.
There is an open translucent door here.
Crazy Yiuf shouts!
Crazy Yiuf completely misses you.
You hit Crazy Yiuf but do no damage.
Crazy Yiuf is poisoned.
Crazy Yiuf cries, "Spliff!"
Crazy Yiuf hits you with a +4 quarterstaff of chaos!
Ouch! That really hurt!
Crazy Yiuf freezes you.
Casting: Sandblast (safe; 12% risk of failure)
Confirm with . or Enter, or press ? or * to list all spells.
Aiming: Sandblast (safe; 12% risk of failure)
Press: ? - help, Shift-Dir - straight line, f - Crazy Yiuf
Aim: Crazy Yiuf, wielding a +4 quarterstaff of chaos and wearing a +2 cloak (lightly wounded, very poisoned, 84% to hit)
The blast of sand hits Crazy Yiuf.
Crazy Yiuf is moderately wounded.
Crazy Yiuf hits you with a +4 quarterstaff of chaos.
* * * LOW HITPOINT WARNING * * *
You are electrocuted!!
Ouch! That really hurt!
You die...

......##...# ♣♣...♣
######.#
###.#.##.#.# ♣♣.♣♣
#.# ....#.##)###
♣♣.♣ #.#
#####......# ♣.♣♣
#.# ####.### ♣♣.♣
######.#
#######.### ♣.♣♣
#......#
#........÷# ##'##
###.####
#.###.....# #...#
#.# ##.####...##
#.@.# ###.####
...#.......# #)g.#
#......#
.....##.#.## #####
#.#.##.#
...####.#.##
#....#.#
##.........########
#....#(#
######...........#
#....#.#
#.#.#..####.#
#.#.##.#
#.#.#..####.#
#......#
#.#......##.#
###.####


You could see Crazy Yiuf (very poisoned).

Vanquished Creatures
  Jessica (D:3)
  An adder (D:2)
  A ribbon worm (D:3)
  2 dart slugs
  2 orcs (D:3)
  3 bats
  8 endoplasms
  A giant cockroach (D:1)
  6 goblins
  6 hobgoblins
  4 jackals (D:3)
  A quokka (D:3)
  4 ball pythons
  6 frilled lizards
  3 kobolds
  4 rats
53 creatures vanquished.

Notes
Turn   | Place    | Note
-------+----------+-------------------------------------------
     0 | D:1      | protoss039 the Demonspawn Earth Elementalist began the
                  | quest for the Orb.
     0 | D:1      | Reached XP level 1. HP: 13/13 MP: 3/3
   188 | D:1      | Gained mutation: You have a somewhat thin skeletal
                  | structure. (Dex +2, Stealth+) [demonic ancestry]
   188 | D:1      | Reached XP level 2. HP: 20/20 MP: 1/5
   317 | D:1      | Reached skill level 1 in Fighting
   728 | D:1      | Reached XP level 3. HP: 26/26 MP: 4/6
  1050 | D:1      | Learned a level 3 spell: Passwall
  1054 | D:1      | Learned a level 3 spell: Stone Arrow
  1224 | D:2      | Found a faded altar of an unknown god.
  1862 | D:3      | Noticed Jessica
  1866 | D:3      | Killed Jessica
  1867 | D:3      | Gained mutation: Your touch may inflict minor irresistible
                  | damage on your foes. [demonic ancestry]
  1867 | D:3      | Reached XP level 4. HP: 33/33 MP: 8/8
  2073 | D:3      | Found a runed translucent door.
  2074 | D:3      | Noticed Crazy Yiuf
  2576 | D:3      | Mangled by Crazy Yiuf

Illustrated notes

Levels and vault maps discovered:
D:1:      amcnicky_arrival_choice, layout_loops_ring, corner_web_ring
D:2:      layout_loops_ring, dreamdust_ecumenical_altar_grove,
          nicolae_twisty_statue_hallways
D:3:      layout_loops_cross, uniq_jessica, uniq_crazy_yiuf_cottage

Skill      XL: |  1  2  3  4 |
---------------+-------------+-----
Fighting       | 1 2 |  2.3
Earth Magic    | 3 |  3.5
Spellcasting   | 3 |  3.0
Dodging        | |  1.7
Stealth        | |  1.7
Conjurations   | |  1.0

Action                     |  1- 3 |  4- 6 || total
---------------------------+-------+-------++-------
  Melee: Unarmed           |     2 |       ||     2
         Dagger            |    22 |       ||    22
         Whip              |    30 |    15 ||    45
         Touch             |       |     2 ||     2
   Cast: Sandblast         |    25 |    11 ||    36
   Stab: Sleeping          |     4 |     3 ||     7
 Armour: Robe              |     3 |       ||     3
         Ring mail         |    30 |    13 ||    43
  Dodge: Dodged            |    28 |    10 ||    38

Table legend: (Time is in decaauts)
 A = Elapsed time spent in this place.
 B = Non-inter-level travel time spent in this place.
 C = Inter-level travel time spent in this place.
 D = Time resting spent in this place.
 E = Time spent auto-exploring this place.
 F = Levels seen in this place.
 G = Mean time per level.
                   A        B        C        D        E       F      G
               +--------+--------+--------+--------+--------+-----+--------+
         Total |   2595 |   2525 |     70 |    188 |   1947 |   3 |  865.0 |
       Dungeon |   2595 |   2525 |     70 |    188 |   1947 |   3 |  865.0 |
               +--------+--------+--------+--------+--------+-----+--------+

Top non-repeatable levels by time:
     D:1: 1063 daAuts
     D:3: 850 daAuts
     D:2: 681 daAuts
